 Dungeon Crawl Stone Soup version 0.31-a0-152-g6aa68a64a1 (webtiles) character file.

Game seed: 9938651238501161773

347 Moral the Ruffian (level 6, -4/52 HPs)
             Began as a Ghoul Monk on June 10, 2023.
             Was a Believer of Kikubaaqudgha.
             Slain by a gnoll
             ... wielding a +0 halberd
              (16 damage)
             ... on level 4 of the Dungeon.
             The game lasted 00:17:15 (3546 turns).

Moral the Ruffian (Ghoul Monk)                      Turns: 3546, Time: 00:17:15

Health: -4/52      AC:  3    Str: 17    XL:     6   Next: 59%
Magic:  5/5        EV: 12    Int:  5    God:    Kikubaaqudgha [**....]
Gold:   134        SH:  0    Dex: 11    Spells: 4/5 levels left

rFire   . .          .
                       - Unarmed
rCold   + . .        c - orb {light}
rNeg    + + +        a - +0 robe
rPois   ∞            (no helmet)
rElec   .            q - +0 cloak
rCorr   .            (no gloves)
SInv    .            (no boots)
Will    .....        (no amulet)
Stlth   +            (no ring)
HPRegen 0.00/turn    (no ring)
MPRegen 0.09/turn

%: no passive effects
@: inhibited regen, glowing
A: claws 1, cold resistance 1, negative energy resistance 3, inhibited
regeneration, torment resistance 2, devour on kill
a: Renounce Religion, Unearth Wretches


You were on level 4 of the Dungeon.
You worshipped Kikubaaqudgha.
Kikubaaqudgha was pleased with you.
You visited 1 branch of the dungeon, and saw 4 of its levels.

You collected 134 gold pieces.

Inventory:

Armour
 a - a +0 robe (worn)
 c - an orb of light (worn)
 q - a +0 cloak (worn)
Jewellery
 g - a ring of resist corrosion
 p - an amulet of reflection
Scrolls
 f - a scroll of enchant armour
 h - a scroll of poison {unknown}
 i - 2 scrolls of identify
 j - a scroll of fear {unknown}
 l - 3 scrolls of teleportation {unknown}
 n - a scroll of magic mapping {unknown}
 o - a scroll of enchant weapon {unknown}
 r - a scroll of amnesia {unknown}
Potions
 b - a potion of ambrosia
 d - a potion of degeneration {unknown}
 e - a potion of berserk rage {unknown}
 k - a potion of brilliance {unknown}
 m - 2 potions of lignification {unknown}
 s - a potion of might {unknown}


   Skills:
 + Level 3.9 Fighting
 + Level 3.2 Dodging
 + Level 0.4 Stealth
 * Level 7.0 Unarmed Combat
 + Level 0.1 Spellcasting
 * Level 1.0 Necromancy


You had 4 spell levels left.
You knew the following spells:

 Your Spells              Type           Power      Damage    Failure   Level
a - Necrotise             Necr           4%         1d4       34%         1

Your spell library contained the following spells:

 Spells                   Type           Power      Damage    Failure   Level
 Cigotuvi's Dreadful Rot  Necr/Pois/Air  0%         N/A       56%         2
 Ensorcelled Hibernation  Hex/Ice        0%         N/A       63%         2
 Passwall                 Tmut/Erth      0%         N/A       63%         2
 Vampiric Draining        Necr           1%         2d6       71%         3
 Swiftness                Air            0%         N/A       85%         3
 Animate Dead             Necr           1%         N/A       98%         4


Dungeon Overview and Level Annotations

Branches:
Dungeon (4/15)             Temple (0/1) D:4

Altars:
Hepliaklqana
Kikubaaqudgha
Sif Muna
Uskayaw


Innate Abilities, Weirdness & Mutations

You are immune to poison.
You have sharp fingernails.
Your flesh is cold resistant. (rC+)
You are immune to negative energy. (rN+++)
You do not regenerate when monsters are visible.
You are immune to unholy pain and torment.
You thrive by killing the living.


Message History

You see here a +0 spear.
You completely miss the gnoll. The gnoll hits you with a +0 club.
The gnoll hits you from afar with a +0 halberd!
You scratch the gnoll.
The gnoll is lightly wounded.
The gnoll misses you. The gnoll closely misses you.
You claw the gnoll!
You kill the gnoll!
Kikubaaqudgha accepts your kill.
The gnoll hits you from afar with a +0 halberd!
The gnoll throws a throwing net.
The throwing net closely misses you. The gnoll closely misses you.
The gnoll hits you with a +0 flail.
Things that are here:
a +0 club; a gnoll corpse You scratch the gnoll but do no damage.
The gnoll closely misses you. The gnoll misses you.
You claw the gnoll!
You kill the gnoll!
Kikubaaqudgha accepts your kill. The gnoll closely misses you.
Your Unarmed Combat skill increases to level 7!
The gnoll barely misses you.
You see here a +0 spear.
The gnoll misses you.
Things that are here:
a +0 club; a gnoll corpse You claw the gnoll!
The gnoll is severely wounded.
The gnoll hits you with a +0 halberd!
* * * LOW HITPOINT WARNING * * *
You scratch the gnoll but do no damage.
The gnoll is severely wounded.
The gnoll barely misses you.
You barely miss the gnoll.
The gnoll is severely wounded.
You scratch the gnoll but do no damage.
The gnoll is severely wounded.
The gnoll hits you with a +0 halberd!
You die...
Kikubaaqudgha rasps: "You have failed me!
Welcome... oblivion!"

############
#(...)@)...#
#.#####g##.#
#.# ## #>#
#.#
##.##.######
#..........#
########.###
###
######.##


You could see a gnoll.

Vanquished Creatures
  3 wights (D:4)
  An orc priest (D:3)
  Jessica (D:2)
  An orc wizard (D:3)
  3 gnolls (D:4)
  A worm (D:3)
  3 dart slugs
  3 orcs (D:3)
  5 ball pythons
  3 bats
  4 endoplasms
  2 giant cockroaches
  10 goblins
  8 hobgoblins
  3 quokkas
  3 frilled lizards (D:1)
  9 kobolds
  8 rats
71 creatures vanquished.

Notes
Turn   | Place    | Note
-------+----------+-------------------------------------------
     0 | D:1      | Moral the Ghoul Monk began the quest for the Orb.
     0 | D:1      | Reached XP level 1. HP: 19/19 MP: 0/0
    90 | D:1      | Reached XP level 2. HP: 24/26 MP: 1/1
   204 | D:1      | Reached skill level 4 in Unarmed Combat
   256 | D:1      | Reached XP level 3. HP: 29/31 MP: 2/2
   656 | D:2      | Noticed Jessica
   662 | D:2      | Killed Jessica
   663 | D:2      | Reached XP level 4. HP: 40/40 MP: 3/3
  1332 | D:3      | Found a shimmering blue altar of Sif Muna.
  1588 | D:3      | Reached skill level 5 in Unarmed Combat
  2023 | D:3      | Reached XP level 5. HP: 28/46 MP: 4/4
  2308 | D:3      | Found a hazy altar of Hepliaklqana.
  2354 | D:3      | Found an ancient bone altar of Kikubaaqudgha.
  2380 | D:3      | Became a worshipper of Kikubaaqudgha
  2380 | D:3      | Reached * piety under Kikubaaqudgha
  2380 | D:3      | Received a gift from Kikubaaqudgha
  2380 | D:3      | Reached ** piety under Kikubaaqudgha
  2384 | D:3      | Learned a level 1 spell: Necrotise
  2697 | D:4      | Found a hide-covered altar of Uskayaw.
  2751 | D:4      | Reached skill level 6 in Unarmed Combat
  2814 | D:4      | Reached XP level 6. HP: 36/52 MP: 5/5
  2821 | D:4      | Reached skill level 1 in Necromancy
  3468 | D:4      | Found a staircase to the Ecumenical Temple.
  3541 | D:4      | Reached skill level 7 in Unarmed Combat
  3546 | D:4      | Slain by a gnoll

Illustrated notes

Levels and vault maps discovered:
D:1:      zelgadis_glass_arrival_small, layout_loops_ring
D:2:      layout_loops_ring, uniq_jessica
D:3:      layout_basic, mainiacjoe_overflow_small_starburst,
          mainiacjoe_overflow_alcove_4, mainiacjoe_overflow_24_doors
D:4:      layout_loops_ring, nicolae_overflow_crystal_walls,
          kennysheep_little_box, minmay_temple_entry_hall,
          uniq_crazy_yiuf_cottage

Skill      XL: |  1  2  3  4  5  6 |
---------------+-------------------+-----
Unarmed Combat | 4 5 6 7 |  7.0
Dodging        | 3 |  3.2
Necromancy     | 1 |  1.0
Fighting       | |  3.9
Stealth        | |  0.4
Spellcasting   | |  0.1

Action                     |  1- 3 |  4- 6 || total
---------------------------+-------+-------++-------
  Melee: Unarmed           |    48 |   127 ||   175
   Cast: Necrotise         |       |     8 ||     8
    Use: Scroll            |     1 |       ||     1
 Armour: Robe              |     9 |    18 ||    27
  Dodge: Dodged            |    30 |    79 ||   109

Table legend: (Time is in decaauts)
 A = Elapsed time spent in this place.
 B = Non-inter-level travel time spent in this place.
 C = Inter-level travel time spent in this place.
 D = Time resting spent in this place.
 E = Time spent auto-exploring this place.
 F = Levels seen in this place.
 G = Mean time per level.
                   A        B        C        D        E       F      G
               +--------+--------+--------+--------+--------+-----+--------+
         Total |   3528 |   3510 |     18 |   1023 |   1674 |   4 |  882.0 |
       Dungeon |   3528 |   3510 |     18 |   1023 |   1674 |   4 |  882.0 |
               +--------+--------+--------+--------+--------+-----+--------+

Top non-repeatable levels by time:
     D:3: 1375 daAuts
     D:4: 854 daAuts
     D:1: 653 daAuts
     D:2: 645 daAuts
